AoeStats
← TheZenTex

Arabia

508480878Analyzed
1v1 RM · 10d ago on Sep 22, 2026· 31m 17s· 2 players
Game mode
Random Map
Map size
Tiny (2 player)
Population
200
Speed
Normal
Resources
Standard
Victory
Conquest
Starting age
Dark Age
Ending age
Imperial Age
RankedLock teamsTeams togetherTeam positionsShared explorationLock speedFull tech treeHidden civsTurbo modeCheats
Victory
Defeat
🇫🇷 Tatars · France
1245
+17
🇺🇸 Danes · United States
1269
-17
KavaDC
7:33 Loom
9:41 Feudal Age
7:57 Loom
10:25 Double-Bit Axe
14:56 Bloodlines
16:55 Horse Collar
22:15 Castle Age
20:24 Gold Mining
20:55 Fletching
21:50 Padded Archer Armor
23:07 Bow Saw
23:03 Husbandry
23:01 Bodkin Arrow
25:46 Town Watch
26:53 Wheelbarrow
27:01 Ballistics
27:58 Hand Cart
28:33 Heavy Plow
30:25 Leather Archer Armor
30:42 Stone Mining
30:59 Scale Barding Armor
31:05 Forging
30:18 Light Cavalry
32:11 Chain Barding Armor
TheZenTex
8:38 Loom
10:52 Feudal Age
11:23 Man-at-Arms
11:52 Arson
14:15 Horse Collar
23:20 Castle Age
21:50 Gold Mining
23:15 Double-Bit Axe
24:47 Pikeman
25:34 Squires
27:50 Elite Skirmisher
Connection lost

Rejoining the realm…

Still unreachable

The connection could not be restored.

Session expired

The server has moved on; the page needs a fresh start.